 Dungeon Crawl Stone Soup version 0.25.1-8-g42b30a86e7 (webtiles) character file.

Game seed: 17119003308896729010

3 growler the Changer (level 1, -1/13 HPs)
             Began as a Human Wanderer on Dec 12, 2020.
             Slain by a rat (2 damage)
             ... on level 1 of the Dungeon.
             The game lasted 00:01:06 (144 turns).

growler the Changer (Human Wanderer)                 Turns: 144, Time: 00:01:07

Health: -1/13      AC:  2    Str: 11    XL:     1   Next: 55%
Magic:  1/1        EV: 11    Int: 13    God:
Gold:   0          SH:  0    Dex: 12    Spells: 0/0 levels left

rFire    . . .     SeeInvis .   a - +0 dagger
rCold    . . .     Gourm    .   (no shield)
rNeg     . . .     Faith    .   d - +0 robe
rPois    .         Spirit   .   (no helmet)
rElec    .         Reflect  .   (no cloak)
rCorr    .         Harm     .   (no gloves)
MR       .....                  (no boots)
Stlth    ++........             (no amulet)
HPRegen  0.04/turn              (no ring)
MPRegen  0.07/turn              (no ring)

@: no status effects
A: no striking features
a: no special abilities


You were on level 1 of the Dungeon.
You were not hungry.

You visited 1 branch of the dungeon, and saw 1 of its levels.

Inventory:

Hand Weapons
 a - a +0 dagger (weapon)
Armour
 b - a +0 leather armour
   (You found it on level 1 of the Dungeon)
 d - a +0 robe (worn)
Potions
 c - a potion of lignification {!q}
Comestibles
 e - a ration {!d}
 f - a chunk of flesh


   Skills:
 - Level 1.0 Stealth
   Level 1.0 Shields
 + Level 1.0 Unarmed Combat
   Level 5.0 Transmutations
   Level 2.0 Fire Magic
   Level 1.0 Air Magic


You couldn't memorise any spells.
You didn't know any spells.
Your spell library contained the following spells:

 Spells                   Type           Power        Failure   Level  Hunger
 Beastly Appendage        Tmut           ##....       4%          1    ##.....
 Sticks to Snakes         Tmut           ##......     6%          2    ###....
 Foxfire                  Conj/Fire      #...         21%         1    ##.....
 Spider Form              Tmut/Pois      #.........   32%         3    ####...
 Ignite Poison            Fire/Tmut/Pois #.......     34%         3    ####...
 Ice Form                 Ice/Tmut       #.......     73%         4    #####..
 Blade Hands              Tmut           ##........   73%         5    ######.


Dungeon Overview and Level Annotations

Branches:
Dungeon (1/15)

Altars:


Message History

The jackal barks!
A jackal comes into view.
The jackal barks!
A jackal comes into view.
You closely miss the jackal.
A jackal comes into view.
The jackal bites you.
The jackal barks! x2
You hit the jackal.
The jackal bites you but does no damage.
The jackal bites you. The jackal completely misses you.
A rat comes into view.
The jackal barely misses you. 2 bats come into view.
The jackal closely misses you.
You hit the jackal but do no damage. The jackal closely misses you.
The jackal bites you but does no damage.
You barely miss the jackal.
The jackal bites you but does no damage.
You hit the jackal.
The jackal bites you but does no damage.
The rat bites you. The jackal bites you.
* * * LOW HITPOINT WARNING * * *
You barely miss the jackal. The rat bites you.
* * * LOW HITPOINT WARNING * * *
The jackal barely misses you.
You hit the jackal but do no damage. The bat closely misses you.
The jackal bites you.
* * * LOW HITPOINT WARNING * * *
The rat closely misses you. The bat hits you but does no damage.
You hit the jackal.
You kill the jackal!
Your Unarmed Combat skill increases to level 1!
The bat barely misses you. The rat misses you.
You hit the jackal. The bat hits you but does no damage. The bat hits you.
* * * LOW HITPOINT WARNING * * *
The bat barely misses you. The jackal misses you. The rat barely misses you.
You barely miss the jackal. The bat hits you but does no damage.
The bat completely misses you. The jackal bites you.
* * * LOW HITPOINT WARNING * * *
The bat hits you but does no damage. The rat misses you.
The jackal barely misses you. The bat hits you but does no damage.
You closely miss the jackal. The bat closely misses you. The bat misses you.
The bat closely misses you.
The jackal bites you but does no damage.
The rat misses you.
You closely miss the jackal. The bat closely misses you.
The bat barely misses you. The jackal closely misses you. The rat bites you.
You die...

.... #....##............
#....#...##.............
#.......)...............
#......รท.....h..........
#...######.?.#h.........
#. ........#.#h#######
....#..##...#
...##.bb###.## ..
...#.@h..#
.....)hr##........
..####h......###.
##......# #......#
#........ #......###
#......#


You could see 3 jackals, 2 bats and a rat.

Vanquished Creatures
  A hobgoblin (D:1)
  A jackal (D:1)
  A frilled lizard (D:1)
3 creatures vanquished.

Notes
Turn   | Place    | Note
-------+----------+-------------------------------------------
     0 | D:1      | growler the Human Wanderer began the quest for the Orb.
     0 | D:1      | growler set off with the following items: a +0 dagger, a
                  | potion of lignification {!q}, a +0 robe, a ration {!d}; and
                  | the following spells available to memorise: Beastly
                  | Appendage, Sticks to Snakes, Foxfire, Spider Form, Ignite
                  | Poison, Ice Form, Blade Hands
     0 | D:1      | Reached XP level 1. HP: 13/13 MP: 1/1
   140 | D:1      | Reached skill level 1 in Unarmed Combat
   144 | D:1      | Slain by a rat

Illustrated notes

Levels and vault maps discovered:
D:1:      dpeg_arrival_connections, layout_rooms, grunt_decor_one_mirror,
          minmay_unequal

Skill      XL: |  1 |
---------------+----+-----
Unarmed Combat | 1 |  1.0
Stealth        | |  1.0
Shields        | |  1.0
Transmutations | |  5.0
Fire Magic     | |  2.0
Air Magic      | |  1.0

Action                   || total
-------------------------++-------
Melee: Dagger            ||    21
Armor: Robe              ||    10
Dodge: Dodged            ||    28
